 Dungeon Crawl Stone Soup version 0.17-a0-77-gee7a2f2 (webtiles) character file.

3014 Kaesh the Blocker (level 10, -8/77 HPs)
             Began as a Formicid Fighter on Mar 14, 2015.
             Was a Follower of Cheibriados.
             Mangled by a killer bee (10 damage)
             ... on level 7 of the Dungeon.
             The game lasted 00:22:00 (5980 turns).

Kaesh the Blocker (Formicid Fighter)                Turns: 5980, Time: 00:22:00

Health: -8/77      AC: -6    Str: 24    XL:     10   Next: 10%
Magic:  13/13      EV: 15    Int: 11    God:    Cheibriados [*.....]
Gold:   328        SH: 12    Dex: 16    Spells: 0 memorised, 9 levels left

rFire  . . .     SeeInvis +     a - +0 war axe
rCold  . . .     Clarity  .     A - +2 leather armour {MR+}
rNeg   . . .     SustAb   .     c - +0 shield
rPois  +         Gourm    .     (helmet unavailable)
rElec  .         Spirit   .     x - +0 cloak
rCorr  .         Warding  .     w - +0 pair of gloves
rMut   .         Stasis   +     (no boots)
MR     ++...                    F - amulet of regeneration
Stlth  ++........               K - ring of invisibility
                                n - ring of poison resistance

@: lethally poisoned (-8 -> -8), corroded equipment, very slow, very resistant
to hostile enchantments, unstealthy
A: permanent stasis, dig shafts and tunnels, four strong arms, antennae 3
a: Dig, Shaft Self, Bend Time, Renounce Religion, Evoke Invisibility


You were on level 7 of the Dungeon.
You worshipped Cheibriados.
Cheibriados was aware of your devotion.
You were hungry.

You visited 2 branches of the dungeon, and saw 8 of its levels.

You collected 328 gold pieces.

Inventory:

Hand weapons
 a - a +0 war axe (weapon)
Armour
 b - a +0 scale mail
 c - a +0 shield (worn)
 w - a +0 pair of gloves (worn)
 x - a +0 cloak (worn)
 A - a +2 leather armour of magic resistance (worn)
Jewellery
 m - an uncursed ring of ice
 n - a ring of poison resistance (left hand)
 C - an uncursed ring of fire
 F - an amulet of regeneration (around neck)
 K - a ring of invisibility (right hand)
Magical devices
 u - a wand of flame (14)
Scrolls
 f - a scroll of teleportation {unknown}
 g - 2 scrolls of enchant armour {unknown}
 h - 5 scrolls of remove curse {unknown}
 i - a scroll of blinking {unknown}
 j - 2 scrolls of noise {unknown}
 k - a scroll of random uselessness {unknown}
 l - 2 scrolls of fear {unknown}
 q - 10 scrolls of identify {unknown}
 r - a scroll of summoning {unknown}
 z - 2 scrolls of amnesia {unknown}
 B - a scroll of vulnerability {unknown}
 D - 2 scrolls of magic mapping {unknown}
 E - 2 scrolls of recharging {unknown}
 I - a scroll of fog {unknown}
Potions
 e - 3 potions of might
 p - 5 potions of curing
 s - a potion of restore abilities
 v - a potion of poison
 G - a potion of cancellation
 H - a potion of resistance
Books
 y - a book of Annihilations {highlevel, unknown}

   This book is beyond your current level of understanding.

   Spells                             Type                      Level
   a - Poison Arrow                   Conjuration/Poison           6
   b - Chain Lightning                Conjuration/Air              8
   c - Lehudib's Crystal Spear        Conjuration/Earth            8
   d - Glaciate                       Conjuration/Ice              9
   e - Fire Storm                     Conjuration/Fire             9
 L - a book of Power

   Spells                             Type                      Level
   a - Fulminant Prism                Conjuration/Hexes            4
   b - Iskenderun's Mystic Blast      Conjuration                  4
   c - Venom Bolt                     Conjuration/Poison           5
   d - Bolt of Magma                  Conjuration/Fire/Earth       5
   e - Iron Shot                      Conjuration/Earth            6
   f - Orb of Destruction             Conjuration                  7
   g - Spellforged Servitor           Conjuration/Summoning        7
Comestibles
 d - 3 bread rations
 o - 4 meat rations
 t - 2 slices of pizza
 J - 4 chunks of flesh


   Skills:
 + Level 6.8 Fighting
 + Level 6.9 Axes
 + Level 5.5 Armour
 + Level 5.7 Dodging
 + Level 3.7 Stealth
 + Level 8.2 Shields


You had 9 spell levels left.
You didn't know any spells.

Dungeon Overview and Level Annotations

Branches:
Dungeon (7/15)             Temple (1/1) D:5

Altars:
Ashenzari
Cheibriados
Fedhas
Kikubaaqudgha
Makhleb
Nemelex Xobeh
Okawaru
Qazlal
Ru
Sif Muna
Trog
Vehumet
Xom
Yredelemnul
Zin
The Shining One

Shops:
D:5 *   D:6 ?


Innate Abilities, Weirdness & Mutations

You are under a permanent stasis effect.
You can dig through walls and to a lower floor.
Your four strong arms can wield two-handed weapons with a shield.
You have a pair of large antennae on your head (SInv).


Message History

Unknown command.
You are too injured to fight recklessly!
You are too injured to fight recklessly!
You hit the gnoll.
You kill the gnoll!
The gnoll's corpse disappears in a puff of smoke!
Your leather armour prevents you from hitting the jelly.
The jelly is severely wounded.
You slash the gnoll!
You kill the gnoll!
The gnoll's corpse disappears in a puff of smoke!
You miss the killer bee. The killer bee stings you!
* * * LOW HITPOINT WARNING * * *
You block the killer bee's attack. The killer bee closely misses you.
You block the gnoll's attack. The jelly hits you.
* * * LOW HITPOINT WARNING * * *
You are splashed with acid!
The acid corrodes your equipment!
The acid burns!
* * * LOW HITPOINT WARNING * * *
The killer bee barely misses you. The killer bee stings you!
You die...

..^..K........................
...#######...###..............
######.).####.............
##.........#........#.#####
.......Z....#........#......
..............#...............
.........#..g.#...............
.........#..yy#...............
#.......#..ยง@##............#.
#..........J...............#.
####..........................#.
#........................#....#.
##..................#####.#....#.
......####...###########.......#.
........###....................##
........###....................#
......................)........##


You could see a jelly, 2 killer bees, a gnoll and a water moccasin skeleton.

Vanquished Creatures
  The ghost of Poody the Geomancer, an experienced GrEE of Vehumet (D:5)
  Grinder (D:3)
  Prince Ribbit (D:7)
  A hippogriff (D:7)
  3 ogres
  A sky beast (D:7)
  3 phantoms
  A centaur (D:7)
  2 giant frogs (D:7)
  4 killer bees (D:7)
  A goliath beetle (D:7)
  3 crimson imps
  3 orc priests
  A wasp zombie (D:7)
  Crazy Yiuf (D:2)
  2 giant frog zombies
  A giant frog skeleton (D:6)
  3 hounds
  7 orc wizards
  3 iguanas
  5 worker ants
  Terence (D:2)
  9 adders
  12 gnolls
  A giant mite (D:6)
  A shadow imp (D:5)
  5 worms
  2 adder zombies
  7 giant geckos
  2 oozes (D:1)
  16 orcs
  2 ball pythons
  17 bats
  A bat skeleton (D:4)
  A bat zombie (D:5)
  12 hobgoblins
  7 jackals
  15 kobolds
  8 giant cockroaches
  A giant gecko zombie (D:5)
  10 giant newts
  12 goblins
  A quokka skeleton (D:4)
  19 rats
210 creatures vanquished.

Notes
Turn   | Place    | Note
--------------------------------------------------------------
     0 | D:1      | Kaesh, the Formicid Fighter, began the quest for the Orb.
     0 | D:1      | Reached XP level 1. HP: 18/18 MP: 1/1
     1 | D:1      | Found a runed door.
   101 | D:1      | Reached XP level 2. HP: 24/24 MP: 3/3
   516 | D:1      | Reached XP level 3. HP: 29/29 MP: 4/4
   519 | D:1      | Reached skill level 4 in Shields
   872 | D:2      | Reached XP level 4. HP: 29/37 MP: 5/5
   900 | D:2      | Found a glowing golden altar of the Shining One.
  1166 | D:2      | Reached skill level 1 in Dodging
  1252 | D:2      | Noticed Terence
  1260 | D:2      | Killed Terence
  1342 | D:2      | Found an iron altar of Okawaru.
  1394 | D:2      | Reached XP level 5. HP: 39/42 MP: 7/7
  1442 | D:2      | Noticed Crazy Yiuf
  1448 | D:2      | Killed Crazy Yiuf
  1877 | D:3      | Noticed Grinder
  1915 | D:3      | Killed Grinder
  1915 | D:3      | Reached XP level 6. HP: 18/49 MP: 8/8
  2036 | D:3      | Reached XP level 7. HP: 41/55 MP: 9/9
  2416 | D:3      | Reached skill level 5 in Shields
  2620 | D:4      | Reached skill level 5 in Fighting
  2620 | D:4      | Reached skill level 5 in Armour
  2620 | D:4      | Reached skill level 1 in Stealth
  2847 | D:4      | Found an ancient bone altar of Kikubaaqudgha.
  2858 | D:4      | Reached XP level 8. HP: 55/62 MP: 11/11
  3469 | D:5      | Entered Level 5 of the Dungeon
  3469 | D:5      | Found a sparkling altar of Nemelex Xobeh.
  3479 | D:5      | Found a staircase to the Ecumenical Temple.
  3748 | Temple   | Entered the Ecumenical Temple
  3857 | D:5      | Found Schubroycs' General Store.
  3878 | D:5      | Found a radiant altar of Vehumet.
  3930 | D:5      | Reached skill level 5 in Axes
  3930 | D:5      | Reached skill level 6 in Shields
  3975 | D:5      | Noticed Poody's ghost (experienced GrEE)
  4000 | D:5      | Killed Poody's ghost
  4000 | D:5      | Reached XP level 9. HP: 59/68 MP: 12/12
  4217 | D:5      | Reached skill level 7 in Shields
  4402 | D:5      | Found a blossoming altar of Fedhas.
  4912 | D:6      | Found a glowing silver altar of Zin.
  4985 | D:6      | Found a burning altar of Makhleb.
  4986 | D:6      | Found a shimmering altar of Xom.
  5094 | D:6      | Found a basalt altar of Yredelemnul.
  5095 | D:6      | Found a snail-covered altar of Cheibriados.
  5102 | D:6      | Became a worshipper of Cheibriados the Contemplative
  5264 | D:6      | Found Idofisuin's Magic Scroll Shop.
  5478 | D:7      | Noticed Prince Ribbit
  5494 | D:7      | Killed Prince Ribbit
  5494 | D:7      | Reached skill level 5 in Dodging
  5627 | D:7      | Acquired Cheibriados' first power
  5888 | D:7      | Reached XP level 10. HP: 69/77 MP: 13/13
  5891 | D:7      | Reached skill level 8 in Shields
  5980 | D:7      | HP: 2/77 [acid[a killer bee] (3)]
  5980 | D:7      | Mangled by a killer bee

Action                   |  1- 3 |  4- 6 |  7- 9 | 10-12 || total
-------------------------+-------+-------+-------+-------++-------
Melee: War axe           |    88 |   105 |   345 |    22 ||   560
  Use: Potion            |       |       |    12 |       ||    12
 Stab: Sleeping          |       |       |     6 |       ||     6
  Eat: Chunk             |       |     4 |    10 |       ||    14
       Beef jerky        |       |       |     1 |       ||     1
       Royal jelly       |       |       |     1 |       ||     1
